Maroons vs Ducks

Created - 22 décembre 2020 at 11:10

Goals
1 2 3 T
Maroons 0 3 1 4
Ducks 0 0 2 2
Shots
1 2 3 T
Maroons 8 13 10 31
Ducks 10 11 14 35

1st period

No Goal

Penalties :
Alexander Edler (ANA) for Tripping (Minor) at 0:22

2nd period

1. Maroons , Nick Ritchie 4 (Nicolas Aube-Kubel 5, Frederik Gauthier 2) at 1:16
2. Maroons , Filip Zadina 3 (Jay Beagle 3, Carl Gunnarsson 2) at 9:29
3. Maroons , Jacob Trouba 1 (Bryan Rust 8, Bo Horvat 9) at 16:40 (PP)

Penalties :
David Perron (ANA) for Hooking (Minor) at 6:29, Dylan McIlrath (MON) for Slashing (Minor) at 13:21, Tom Wilson (ANA) for Hooking (Minor) at 16:10

3rd period

4. Ducks , Tom Wilson 3 (Jean-Gabriel Pageau 6) at 8:57
5. Ducks , Phillip Danault 3 (Craig Smith 1) at 17:16
6. Maroons , Nick Schmaltz 1 (Matthew Tkachuk 9, Pierre-Luc Dubois 8) at 19:02 (PP)

Penalties :
Matthew Tkachuk (MON) for Slashing (Minor) at 0:45, Matthew Tkachuk (MON) for Holding (Minor) at 10:08, Jacob Trouba (MON) for Holding (Minor) at 15:02, David Perron (ANA) for Slashing (Minor) at 18:19, Neal Pionk (ANA) for Roughing (Minor) at 19:19

Goalie Stats

John Gibson (MON), 33 saves from 35 shots - (0,943), W, 3-6-5, 60:00 minutes
Jacob Markstrom (ANA), 27 saves from 31 shots - (0,871), L, 7-6-2, 60:00 minutes

Players Stats for Maroons

Player Name              G  A  P  +/- PIM S  H  SB GA TA FO     MP     PP MP  PK MP  
------------------------------------------------------------------------------------
Bo Horvat                0  1  1  -1  0   6  3  1  0  0  15/31  22:42   3:18   4:11 
Brendan Gallagher        0  0  0  -1  0   0  2  0  1  0  1/2    18:47   3:18   0:00 
Bryan Rust               0  1  1  -1  0   2  1  0  1  0  0/0    23:08   3:18   4:25 
Cal Clutterbuck          0  0  0   1  0   6  4  0  0  0  1/1    13:39   0:06   0:56 
Carl Gunnarsson          0  1  1  -1  0   2  0  0  0  0  0/0    19:26   1:54   3:01 
Dylan McIlrath           0  0  0   0  2   1  2  2  0  0  0/0    18:25   1:54   2:11 
Filip Zadina             1  0  1   1  0   1  0  0  0  0  0/0    12:55   0:06   0:00 
Frederik Gauthier        0  1  1   1  0   0  0  0  0  0  1/2     6:44   0:00   0:00 
Jacob Trouba             1  0  1  -1  2   2  1  2  0  0  0/0    28:05   3:57   3:37 
Jay Beagle               0  1  1   1  0   3  3  1  0  1  4/10   12:32   0:06   0:00 
Matthew Tkachuk          0  1  1   0  4   2  0  0  0  0  0/0    14:49   2:27   0:43 
Nick Ritchie             1  0  1   0  0   2  4  1  0  0  0/0     9:31   0:00   2:06 
Nick Schmaltz            1  0  1   0  0   2  2  0  0  0  0/0    13:10   2:27   0:18 
Nicolas Aube-Kubel       0  1  1   1  0   1  1  1  2  0  0/0     6:44   0:00   0:00 
Pierre-Luc Dubois        0  1  1  -1  0   1  0  0  0  0  7/19   17:01   2:27   3:13 
Rasmus Sandin            0  0  0   1  0   0  0  0  0  0  0/0    13:29   0:00   2:04 
Ryan McDonagh            0  0  0   0  0   0  0  1  1  1  0/0    28:59   3:57   4:45 
Vince Dunn               0  0  0   0  0   0  1  0  0  0  0/0    11:54   0:00   0:14 

Players Stats for Ducks

Player Name              G  A  P  +/- PIM S  H  SB GA TA FO     MP     PP MP  PK MP  
------------------------------------------------------------------------------------
Alexander Edler          0  0  0   1  2   0  6  3  0  0  0/0    28:19   4:02   2:55 
Craig Smith              0  1  1   1  0   4  2  0  0  0  0/0    11:42   0:00   0:00 
David Perron             0  0  0   0  4   1  1  2  0  0  0/0    15:40   3:29   0:00 
David Savard             0  0  0  -1  0   1  0  3  0  0  0/0    20:44   0:00   4:12 
Elias Lindholm           0  0  0   0  0   3  2  1  0  0  14/21  20:37   4:27   0:23 
Jean-Gabriel Pageau      0  1  1   1  0   3  1  1  0  0  13/27  18:31   3:29   3:50 
Johnny Gaudreau          0  0  0   0  0   1  0  1  1  1  0/2    19:58   4:27   0:00 
Neal Pionk               0  0  0   1  2   0  1  1  0  1  0/0    23:09   3:30   1:38 
Nick Leddy               0  0  0   0  0   2  0  0  0  0  0/0    18:46   3:30   1:39 
Nick Paul                0  0  0   1  0   1  2  0  0  1  1/2    11:42   0:00   0:00 
Patrik Laine             0  0  0   0  0   2  1  0  0  0  0/1    19:43   4:27   0:00 
Pavel Buchnevich         0  0  0  -2  0   3  1  0  0  0  0/0     8:08   0:00   0:36 
Phillip Danault          1  0  1   1  0   3  1  1  1  0  6/10   13:06   0:00   1:24 
Scott Mayfield           0  0  0  -1  0   0  2  1  0  1  0/0    12:03   0:24   0:00 
Tom Wilson               1  0  1   1  2   4  4  0  0  1  0/0    18:32   3:29   3:21 
Torey Krug               0  0  0   0  0   4  1  0  0  0  0/0    17:13   4:26   1:18 
Valtteri Filppula        0  0  0  -2  0   0  0  0  0  0  2/2     9:40   0:00   2:08 
Zack Kassian             0  0  0  -1  0   3  0  0  0  0  0/0     6:31   0:00   0:00 

3 Stars

1 - Nick Ritchie (MON)
2 - John Gibson (MON)
3 - Filip Zadina (MON)

Power Play

Maroons - 2 on 5 Attempt(s) - 40,00%
Ducks - 0 on 4 Attempt(s) - 0,00%

Penalty Kill

Maroons - 4 on 4 Attempt(s) - 100,00% - Score 0 goal in Penalty Kill
Ducks - 3 on 5 Attempt(s) - 60,00% - Score 0 goal in Penalty Kill

Team Stat

Maroons - Hits : 24 - Faceoff Wins : 29 - Blocked Shots : 9 - Penalty Minutes : 8
Ducks - Hits : 25 - Faceoff Wins : 36 - Blocked Shots : 14 - Penalty Minutes : 10

Official

Referees : Mike Duco and Chris Schlenker
Linesman : Steven Berry and Kelsey Mahoney

Game Notes

No Game Note

Finance

Level 1 -- Attendance: 5037 (83,95%) -- Ticket Income 503 700 $
Level 2 -- Attendance: 4476 (89,52%) -- Ticket Income 268 560 $
Level 3 -- Attendance: 1796 (89,80%) -- Ticket Income 62 860 $
Level 4 -- Attendance: 3861 (96,53%) -- Ticket Income 77 220 $
Luxury Box -- Attendance: 677 (67,70%) -- Ticket Income 135 400 $
Game was played at the The Pound.
Total Attendance: 15847 (88,04%)
Total Ticket Income: 1 047 740 $
Other Income: 513 393 $
Total Income: 1 561 133 $

Maroons

5 vs 5 Forward 
   Center                   Left Wing                Right Wing               Time % Phy DF OF 
 1 Bo Horvat                Bryan Rust               Brendan Gallagher        40     1   2  2  
 2 Pierre-Luc Dubois        Matthew Tkachuk          Nick Schmaltz            30     1   2  2  
 3 Jay Beagle               Filip Zadina             Cal Clutterbuck          20     1   2  2  
 4 Frederik Gauthier        Nick Ritchie             Nicolas Aube-Kubel       10     1   2  2  

5 vs 5 Defense 
   Defense                  Defense                                           Time % Phy DF OF 
 1 Jacob Trouba             Ryan McDonagh                                     40     1   2  2  
 2 Dylan McIlrath           Carl Gunnarsson                                   30     1   2  2  
 3 Vince Dunn               Rasmus Sandin                                     20     1   2  2  
 4 Jacob Trouba             Ryan McDonagh                                     10     1   2  2  

PowerPlay Forward 
   Center                   Left Wing                Right Wing               Time % Phy DF OF 
 1 Bo Horvat                Bryan Rust               Brendan Gallagher        60     1   2  2  
 2 Pierre-Luc Dubois        Matthew Tkachuk          Nick Schmaltz            40     1   2  2  

PowerPlay Defense
   Defense                  Defense                                           Time % Phy DF OF 
 1 Jacob Trouba             Ryan McDonagh                                     60     1   2  2  
 2 Dylan McIlrath           Carl Gunnarsson                                   40     1   2  2  

Penalty Kill 4 Players Forward 
   Center                   Wing                     Time % Phy DF OF 
 1 Bo Horvat                Bryan Rust               60     1   2  2  
 2 Matthew Tkachuk          Pierre-Luc Dubois        40     1   2  2  

Penalty Kill 4 Players Defense
   Defense                  Defense                  Time % Phy DF OF 
 1 Jacob Trouba             Ryan McDonagh            60     1   2  2  
 2 Dylan McIlrath           Carl Gunnarsson          40     1   2  2  

Penalty Kill - 3 Players Forward 
   Forward                                           Time % Phy DF OF 
 1 Bo Horvat                                         60     1   2  2  
 2 Bryan Rust                                        40     1   2  2  

Penalty Kill - 3 Players Defense
   Defense                  Defense                  Time % Phy DF OF 
 1 Jacob Trouba             Ryan McDonagh            60     1   2  2  
 2 Dylan McIlrath           Carl Gunnarsson          40     1   2  2  

4 vs 4 Forward 
   Center                   Wing                     Time % Phy DF OF 
 1 Bo Horvat                Bryan Rust               60     1   2  2  
 2 Matthew Tkachuk          Pierre-Luc Dubois        40     1   2  2  

4 vs 4 Defense
   Defense                  Defense                  Time % Phy DF OF 
 1 Jacob Trouba             Ryan McDonagh            60     1   2  2  
 2 Dylan McIlrath           Carl Gunnarsson          40     1   2  2  

Last Minutes Offensive
   Center                   Left Wing                Right Wing               Defense                  Defense                  
   Bo Horvat                Bryan Rust               Brendan Gallagher        Jacob Trouba             Ryan McDonagh            

Last Minutes Defensive
   Center                   Left Wing                Right Wing               Defense                  Defense                  
   Bo Horvat                Bryan Rust               Brendan Gallagher        Jacob Trouba             Ryan McDonagh            

Goaltenders
Starting : John Gibson              
Backup : Philippe Desrosiers      

Extra Forwards
Normal : Filip Zadina, Jay Beagle, Nick Ritchie - PP : Filip Zadina, Jay Beagle - PK : Nick Ritchie
Extra Defensemen
Normal : Vince Dunn, Rasmus Sandin, Dylan McIlrath - PP : Vince Dunn - PK : Rasmus Sandin, Dylan McIlrath
Penalty Shots
Bo Horvat, Bryan Rust, Matthew Tkachuk, Pierre-Luc Dubois, Brendan Gallagher
Custom OT Lines Forwards
Bo Horvat, Bryan Rust, Matthew Tkachuk, Pierre-Luc Dubois, Brendan Gallagher, Nick Schmaltz, Filip Zadina, Jay Beagle, Nick Ritchie, Cal Clutterbuck
Custom OT Lines Defensemen
Jacob Trouba, Ryan McDonagh, Dylan McIlrath, Carl Gunnarsson, Vince Dunn

Scratches
Ethan Prow (Healthy), Esa Lindell (Healthy)

Ducks

5 vs 5 Forward 
   Center                   Left Wing                Right Wing               Time % Phy DF OF 
 1 Elias Lindholm           Patrik Laine             Johnny Gaudreau          40     1   2  2  
 2 Jean-Gabriel Pageau      David Perron             Tom Wilson               30     1   2  2  
 3 Phillip Danault          Craig Smith              Nick Paul                20     1   2  2  
 4 Valtteri Filppula        Pavel Buchnevich         Zack Kassian             10     1   2  2  

5 vs 5 Defense 
   Defense                  Defense                                           Time % Phy DF OF 
 1 Alexander Edler          Neal Pionk                                        40     1   2  2  
 2 David Savard             Nick Leddy                                        30     1   2  2  
 3 Scott Mayfield           Torey Krug                                        20     1   2  2  
 4 Alexander Edler          David Savard                                      10     1   2  2  

PowerPlay Forward 
   Center                   Left Wing                Right Wing               Time % Phy DF OF 
 1 Elias Lindholm           Patrik Laine             Johnny Gaudreau          60     1   2  2  
 2 Jean-Gabriel Pageau      David Perron             Tom Wilson               40     1   2  2  

PowerPlay Defense
   Defense                  Defense                                           Time % Phy DF OF 
 1 Alexander Edler          Torey Krug                                        60     1   2  2  
 2 Neal Pionk               Nick Leddy                                        40     1   2  2  

Penalty Kill 4 Players Forward 
   Center                   Wing                     Time % Phy DF OF 
 1 Jean-Gabriel Pageau      Tom Wilson               60     1   2  2  
 2 Phillip Danault          Valtteri Filppula        40     1   2  2  

Penalty Kill 4 Players Defense
   Defense                  Defense                  Time % Phy DF OF 
 1 Alexander Edler          David Savard             60     1   2  2  
 2 Neal Pionk               Nick Leddy               40     1   2  2  

Penalty Kill - 3 Players Forward 
   Forward                                           Time % Phy DF OF 
 1 Phillip Danault                                   60     1   2  2  
 2 Jean-Gabriel Pageau                               40     1   2  2  

Penalty Kill - 3 Players Defense
   Defense                  Defense                  Time % Phy DF OF 
 1 Alexander Edler          David Savard             60     1   2  2  
 2 Neal Pionk               Nick Leddy               40     1   2  2  

4 vs 4 Forward 
   Center                   Wing                     Time % Phy DF OF 
 1 Elias Lindholm           Patrik Laine             60     1   2  2  
 2 Jean-Gabriel Pageau      Johnny Gaudreau          40     1   2  2  

4 vs 4 Defense
   Defense                  Defense                  Time % Phy DF OF 
 1 Alexander Edler          David Savard             60     1   2  2  
 2 Neal Pionk               Nick Leddy               40     1   2  2  

Last Minutes Offensive
   Center                   Left Wing                Right Wing               Defense                  Defense                  
   Elias Lindholm           Patrik Laine             Johnny Gaudreau          Alexander Edler          David Savard             

Last Minutes Defensive
   Center                   Left Wing                Right Wing               Defense                  Defense                  
   Phillip Danault          Valtteri Filppula        Tom Wilson               Alexander Edler          David Savard             

Goaltenders
Starting : Jacob Markstrom          
Backup : Cal Petersen             

Extra Forwards
Normal : Johnny Gaudreau, Pavel Buchnevich, Valtteri Filppula - PP : Johnny Gaudreau, Pavel Buchnevich - PK : Valtteri Filppula
Extra Defensemen
Normal : Scott Mayfield, Torey Krug, Neal Pionk - PP : Scott Mayfield - PK : Torey Krug, Neal Pionk
Penalty Shots
Elias Lindholm, Patrik Laine, David Perron, Tom Wilson, Jean-Gabriel Pageau
Custom OT Lines Forwards
Elias Lindholm, Patrik Laine, David Perron, Tom Wilson, Jean-Gabriel Pageau, Phillip Danault, Johnny Gaudreau, Pavel Buchnevich, Valtteri Filppula, Craig Smith
Custom OT Lines Defensemen
Alexander Edler, David Savard, Neal Pionk, Nick Leddy, Scott Mayfield

Scratches
None


% Time on Ice - Maroons

Lines # - Real PCT - Wanted PCT - Time Play
Normal Forward
1 - 35% - 40% - 16:12
2 - 25% - 30% - 11:22
3 - 26% - 20% - 11:55
4 - 15% - 10% - 6:44
Normal Defense
1 - 41% - 40% - 18:52
2 - 31% - 30% - 14:31
3 - 24% - 20% - 11:10
4 - 4% - 10% - 1:40
PP Forward
1 - 58% - 60% - 3:24
2 - 42% - 40% - 2:27
PP Defense
1 - 68% - 60% - 3:57
2 - 32% - 40% - 1:54
PK Forward
1 - 78% - 60% - 6:09
2 - 22% - 40% - 1:47
PK Defense
1 - 61% - 60% - 4:49
2 - 39% - 40% - 3:07
PK3 Forward
1 - 0% - 60%
2 - 0% - 40%
PK3 Defense
1 - 0% - 60%
2 - 0% - 40%
44 Forward
1 - 0% - 60%
2 - 0% - 40%
44 Defense
1 - 0% - 60%
2 - 0% - 40%
Last Minute Offensive  - 0:00
Last Minute Defensive  - 0:00
Total
Forward - 60:00
Defense - 60:00

% Time on Ice - Ducks

Lines # - Real PCT - Wanted PCT - Time Play
Normal Forward
1 - 36% - 40% - 16:48
2 - 24% - 30% - 11:12
3 - 25% - 20% - 11:42
4 - 14% - 10% - 6:31
Normal Defense
1 - 42% - 40% - 19:30
2 - 29% - 30% - 13:37
3 - 24% - 20% - 11:00
4 - 5% - 10% - 2:06
PP Forward
1 - 56% - 60% - 4:27
2 - 44% - 40% - 3:29
PP Defense
1 - 56% - 60% - 4:26
2 - 44% - 40% - 3:30
PK Forward
1 - 76% - 60% - 4:27
2 - 24% - 40% - 1:24
PK Defense
1 - 72% - 60% - 4:12
2 - 28% - 40% - 1:39
PK3 Forward
1 - 0% - 60%
2 - 0% - 40%
PK3 Defense
1 - 0% - 60%
2 - 0% - 40%
44 Forward
1 - 0% - 60%
2 - 0% - 40%
44 Defense
1 - 0% - 60%
2 - 0% - 40%
Last Minute Offensive  - 0:00
Last Minute Defensive  - 0:00
Total
Forward - 60:00
Defense - 60:00

Play-by-Play

1st period


0:01 of 1st period - Bo Horvat wins face-off versus Patrik Laine in neutral zone.
0:22 of 1st period - Minor Penalty to Alexander Edler for Tripping.
0:23 of 1st period - Bo Horvat wins face-off versus Jean-Gabriel Pageau in Ducks zone.
0:26 of 1st period - Wrist shot by Bo Horvat.
0:26 of 1st period - Shot Misses the Net.
0:34 of 1st period - Snap shot by Bryan Rust.
0:34 of 1st period - Shot Misses the Net.
2:22 of 1st period - Penalty to Alexander Edler is over, Alexander Edler is back on ice.
2:26 of 1st period - Alexander Edler is hit by Cal Clutterbuck and loses puck.
2:33 of 1st period - Dylan McIlrath is hit by Tom Wilson and loses puck.
2:50 of 1st period - Backhand shot by Elias Lindholm.
2:50 of 1st period - Shot Blocked by Dylan McIlrath.
2:52 of 1st period - Snap shot by Elias Lindholm.
2:52 of 1st period - Deflect By Dylan McIlrath.
2:52 of 1st period - Shot Misses the Net.
2:52 of 1st period - Puck is out of play.
2:53 of 1st period - Frederik Gauthier wins face-off versus Phillip Danault in Maroons zone.
3:16 of 1st period - Wrist shot by Pavel Buchnevich.
3:16 of 1st period - Shot Misses the Net.
3:18 of 1st period - Wrist shot by Valtteri Filppula.
3:18 of 1st period - Deflect By Pierre-Luc Dubois.
3:18 of 1st period - Shot Misses the Net.
3:18 of 1st period - Puck is out of play.
3:19 of 1st period - Valtteri Filppula wins face-off versus Pierre-Luc Dubois in Maroons zone.
3:20 of 1st period - Slapshot by Pavel Buchnevich.
3:20 of 1st period - Shot Misses the Net.
3:34 of 1st period - Slapshot by Pavel Buchnevich.
3:34 of 1st period - Stopped by John Gibson without a rebound.
3:35 of 1st period - Jean-Gabriel Pageau wins face-off versus Jay Beagle in Maroons zone.
3:48 of 1st period - Snap shot by Tom Wilson.
3:48 of 1st period - Stopped by John Gibson with a rebound.
4:08 of 1st period - Snap shot by Elias Lindholm.
4:08 of 1st period - Shot Blocked by Ryan McDonagh.
4:52 of 1st period - Snap shot by Brendan Gallagher.
4:52 of 1st period - Shot Blocked by Scott Mayfield.
5:10 of 1st period - Wrist shot by Filip Zadina.
5:10 of 1st period - Deflect By Cal Clutterbuck.
5:10 of 1st period - Stopped by Jacob Markstrom with a rebound.
5:29 of 1st period - Matthew Tkachuk is hit by Torey Krug and loses puck.
6:02 of 1st period - Snap shot by Craig Smith.
6:02 of 1st period - Stopped by John Gibson with a rebound.
6:12 of 1st period - Rasmus Sandin is hit by Tom Wilson and loses puck.
6:35 of 1st period - Wrist shot by Elias Lindholm.
6:35 of 1st period - Shot Blocked by Nicolas Aube-Kubel.
7:01 of 1st period - Alexander Edler is hit by Brendan Gallagher and loses puck.
7:24 of 1st period - Snap shot by David Perron.
7:24 of 1st period - Stopped by John Gibson without a rebound.
7:25 of 1st period - Elias Lindholm wins face-off versus Jay Beagle in Maroons zone.
7:33 of 1st period - Off-side.
7:34 of 1st period - Jay Beagle wins face-off versus Elias Lindholm in neutral zone.
7:37 of 1st period - Patrik Laine is hit by Cal Clutterbuck and loses puck.
7:44 of 1st period - Slapshot by Nick Leddy.
7:44 of 1st period - Deflect By Elias Lindholm.
7:44 of 1st period - Stopped by John Gibson with a rebound.
7:46 of 1st period - Slapshot by David Savard.
7:46 of 1st period - Shot Misses the Net.
7:48 of 1st period - Slapshot by Nick Leddy.
7:48 of 1st period - Stopped by John Gibson without a rebound.
7:49 of 1st period - Jean-Gabriel Pageau wins face-off versus Bo Horvat in Maroons zone.
8:24 of 1st period - Snap shot by Elias Lindholm.
8:24 of 1st period - Shot Blocked by Jacob Trouba.
8:28 of 1st period - Wrist shot by Elias Lindholm.
8:28 of 1st period - Shot Misses the Net.
8:30 of 1st period - Wrist shot by Elias Lindholm.
8:30 of 1st period - Stopped by John Gibson without a rebound.
8:31 of 1st period - Phillip Danault wins face-off versus Jay Beagle in Maroons zone.
8:32 of 1st period - Snap shot by Craig Smith.
8:32 of 1st period - Deflect By Cal Clutterbuck.
8:32 of 1st period - Shot Misses the Net.
8:32 of 1st period - Puck is out of play.
8:33 of 1st period - Jay Beagle wins face-off versus Phillip Danault in Maroons zone.
8:33 of 1st period - Jay Beagle is hit by Alexander Edler.
9:20 of 1st period - Wrist shot by Nick Schmaltz.
9:20 of 1st period - Shot Misses the Net.
9:22 of 1st period - Wrist shot by Matthew Tkachuk.
9:22 of 1st period - Stopped by Jacob Markstrom with a rebound.
9:24 of 1st period - Snap shot by Carl Gunnarsson.
9:24 of 1st period - Shot Blocked by David Savard.
9:26 of 1st period - Slapshot by Carl Gunnarsson.
9:26 of 1st period - Deflect By Matthew Tkachuk.
9:26 of 1st period - Shot Misses the Net.
9:26 of 1st period - Puck is out of play.
9:27 of 1st period - Jean-Gabriel Pageau wins face-off versus Pierre-Luc Dubois in Ducks zone.
10:13 of 1st period - Jay Beagle is hit by Phillip Danault and loses puck.
10:20 of 1st period - Snap shot by Phillip Danault.
10:20 of 1st period - Shot Blocked by Jay Beagle.
10:22 of 1st period - Snap shot by Neal Pionk.
10:22 of 1st period - Deflect By Craig Smith.
10:22 of 1st period - Stopped by John Gibson without a rebound.
10:23 of 1st period - Jean-Gabriel Pageau wins face-off versus Bo Horvat in Maroons zone.
11:22 of 1st period - Nick Leddy is hit by Jacob Trouba and loses puck.
12:58 of 1st period - Phillip Danault is hit by Bo Horvat and loses puck.
13:05 of 1st period - Snap shot by Bo Horvat.
13:05 of 1st period - Stopped by Jacob Markstrom without a rebound.
13:06 of 1st period - Elias Lindholm wins face-off versus Pierre-Luc Dubois in Ducks zone.
13:15 of 1st period - Icing by Scott Mayfield.
13:16 of 1st period - Pierre-Luc Dubois wins face-off versus Elias Lindholm in Ducks zone.
13:31 of 1st period - Snap shot by Johnny Gaudreau.
13:31 of 1st period - Stopped by John Gibson without a rebound.
13:32 of 1st period - Bo Horvat wins face-off versus Jean-Gabriel Pageau in Maroons zone.
13:40 of 1st period - Off-side.
13:41 of 1st period - Bo Horvat wins face-off versus Jean-Gabriel Pageau in neutral zone.
13:46 of 1st period - Snap shot by Bo Horvat.
13:46 of 1st period - Stopped by Jacob Markstrom with a rebound.
13:48 of 1st period - Slapshot by Jacob Trouba.
13:48 of 1st period - Stopped by Jacob Markstrom without a rebound.
13:49 of 1st period - Bo Horvat wins face-off versus Johnny Gaudreau in Ducks zone.
13:54 of 1st period - Wrist shot by Bryan Rust.
13:54 of 1st period - Stopped by Jacob Markstrom without a rebound.
13:55 of 1st period - Bo Horvat wins face-off versus Elias Lindholm in Ducks zone.
14:04 of 1st period - Wrist shot by Johnny Gaudreau.
14:04 of 1st period - Shot Misses the Net.
14:50 of 1st period - Wrist shot by Craig Smith.
14:50 of 1st period - Shot Misses the Net.
14:52 of 1st period - Snap shot by Phillip Danault.
14:52 of 1st period - Shot Misses the Net.
14:54 of 1st period - Snap shot by Nick Paul.
14:54 of 1st period - Shot Misses the Net.
14:56 of 1st period - Snap shot by Phillip Danault.
14:56 of 1st period - Shot Misses the Net.
15:35 of 1st period - Snap shot by Bo Horvat.
15:35 of 1st period - Shot Misses the Net.
15:49 of 1st period - Snap shot by Nick Schmaltz.
15:49 of 1st period - Stopped by Jacob Markstrom with a rebound.
15:51 of 1st period - Slapshot by Dylan McIlrath.
15:51 of 1st period - Shot Misses the Net.
15:53 of 1st period - Wrist shot by Pierre-Luc Dubois.
15:53 of 1st period - Shot Misses the Net.
15:59 of 1st period - Nick Schmaltz is hit by Alexander Edler and loses puck.
16:18 of 1st period - Phillip Danault is hit by Cal Clutterbuck and loses puck.
16:35 of 1st period - Slapshot by Nicolas Aube-Kubel.
16:35 of 1st period - Stopped by Jacob Markstrom with a rebound.
17:37 of 1st period - David Savard is hit by Jay Beagle and loses puck.
17:46 of 1st period - Wrist shot by Filip Zadina.
17:46 of 1st period - Shot Blocked by Jean-Gabriel Pageau.
17:58 of 1st period - Bo Horvat is hit by Craig Smith and loses puck.
18:16 of 1st period - Scott Mayfield is hit by Nick Ritchie.
18:36 of 1st period - Ryan McDonagh is hit by Patrik Laine and loses puck.
18:47 of 1st period - Patrik Laine is hit by Nick Ritchie and loses puck.
18:56 of 1st period - Wrist shot by Nick Ritchie.
18:56 of 1st period - Deflect By Patrik Laine.
18:56 of 1st period - Shot Misses the Net.
18:56 of 1st period - Puck is out of play.
18:57 of 1st period - Jean-Gabriel Pageau wins face-off versus Bo Horvat in Ducks zone.
19:14 of 1st period - Snap shot by Tom Wilson.
19:14 of 1st period - Stopped by John Gibson with a rebound.
19:30 of 1st period - Snap shot by Nick Schmaltz.
19:30 of 1st period - Deflect By Matthew Tkachuk.
19:30 of 1st period - Shot Misses the Net.
19:30 of 1st period - Puck is out of play.
19:31 of 1st period - Elias Lindholm wins face-off versus Pierre-Luc Dubois in Ducks zone.
19:31 of 1st period - Elias Lindholm is hit by Nick Schmaltz.
19:43 of 1st period - Jacob Trouba is hit by Alexander Edler and loses puck.
19:48 of 1st period - Snap shot by Elias Lindholm.
19:48 of 1st period - Shot Blocked by Jacob Trouba.
Goals for this period are 0 for Maroons vs 0 for Ducks.
Shots for this period are 8 for Maroons vs 10 for Ducks.

2nd period


0:01 of 2nd period - Bo Horvat wins face-off versus Elias Lindholm in neutral zone.
0:10 of 2nd period - Ryan McDonagh is hit by Alexander Edler.
0:51 of 2nd period - Snap shot by Phillip Danault.
0:51 of 2nd period - Stopped by John Gibson with a rebound.
1:07 of 2nd period - Valtteri Filppula is hit by Nick Ritchie and loses puck.
1:16 of 2nd period - Snap shot by Nick Ritchie.
1:16 of 2nd period - Goal by Nick Ritchie - Maroons : 1 - Ducks : 0.
1:17 of 2nd period - Elias Lindholm wins face-off versus Bo Horvat in neutral zone.
1:20 of 2nd period - Bo Horvat is hit by Alexander Edler and loses puck.
2:30 of 2nd period - Craig Smith is hit by Dylan McIlrath and loses puck.
3:34 of 2nd period - Wrist shot by Craig Smith.
3:34 of 2nd period - Stopped by John Gibson with a rebound.
3:36 of 2nd period - Wrist shot by Phillip Danault.
3:36 of 2nd period - Shot Misses the Net.
3:38 of 2nd period - Wrist shot by Nick Paul.
3:38 of 2nd period - Stopped by John Gibson without a rebound.
3:39 of 2nd period - Elias Lindholm wins face-off versus Bo Horvat in Maroons zone.
4:29 of 2nd period - Wrist shot by Tom Wilson.
4:29 of 2nd period - Stopped by John Gibson without a rebound.
4:30 of 2nd period - Valtteri Filppula wins face-off versus Frederik Gauthier in Maroons zone.
5:20 of 2nd period - Wrist shot by Jean-Gabriel Pageau.
5:20 of 2nd period - Shot Misses the Net.
5:22 of 2nd period - Snap shot by David Perron.
5:22 of 2nd period - Shot Misses the Net.
5:38 of 2nd period - Wrist shot by Zack Kassian.
5:38 of 2nd period - Stopped by John Gibson with a rebound.
5:57 of 2nd period - Off-side.
5:58 of 2nd period - Elias Lindholm wins face-off versus Bo Horvat in neutral zone.
6:09 of 2nd period - Wrist shot by Patrik Laine.
6:09 of 2nd period - Stopped by John Gibson with a rebound.
6:15 of 2nd period - David Savard is hit by Dylan McIlrath.
6:23 of 2nd period - Wrist shot by Bryan Rust.
6:23 of 2nd period - Deflect By Bo Horvat.
6:23 of 2nd period - Stopped by Jacob Markstrom without a rebound.
6:24 of 2nd period - Pierre-Luc Dubois wins face-off versus Jean-Gabriel Pageau in Ducks zone.
6:25 of 2nd period - Snap shot by Matthew Tkachuk.
6:25 of 2nd period - Deflect By Nick Schmaltz.
6:25 of 2nd period - Shot Misses the Net.
6:25 of 2nd period - Puck is out of play.
6:26 of 2nd period - Jean-Gabriel Pageau wins face-off versus Pierre-Luc Dubois in Ducks zone.
6:26 of 2nd period - Jean-Gabriel Pageau is hit by Vince Dunn.
6:29 of 2nd period - Minor Penalty to David Perron for Hooking.
6:30 of 2nd period - Bo Horvat wins face-off versus Jean-Gabriel Pageau in Ducks zone.
6:44 of 2nd period - Slapshot by Bo Horvat.
6:44 of 2nd period - Stopped by Jacob Markstrom with a rebound.
6:46 of 2nd period - Slapshot by Ryan McDonagh.
6:46 of 2nd period - Shot Misses the Net.
7:02 of 2nd period - Snap shot by Matthew Tkachuk.
7:02 of 2nd period - Shot Blocked by David Savard.
7:04 of 2nd period - Snap shot by Matthew Tkachuk.
7:04 of 2nd period - Stopped by Jacob Markstrom without a rebound.
7:05 of 2nd period - Jean-Gabriel Pageau wins face-off versus Pierre-Luc Dubois in Ducks zone.
7:05 of 2nd period - Jean-Gabriel Pageau is hit by Nick Schmaltz.
8:29 of 2nd period - Penalty to David Perron is over, David Perron is back on ice.
8:47 of 2nd period - Snap shot by Pavel Buchnevich.
8:47 of 2nd period - Stopped by John Gibson with a rebound.
9:15 of 2nd period - Slapshot by Filip Zadina.
9:15 of 2nd period - Shot Misses the Net.
9:17 of 2nd period - Slapshot by Cal Clutterbuck.
9:17 of 2nd period - Shot Misses the Net.
9:19 of 2nd period - Slapshot by Carl Gunnarsson.
9:19 of 2nd period - Shot Blocked by Alexander Edler.
9:21 of 2nd period - Slapshot by Jay Beagle.
9:21 of 2nd period - Shot Blocked by David Savard.
9:23 of 2nd period - Slapshot by Filip Zadina.
9:23 of 2nd period - Shot Misses the Net.
9:25 of 2nd period - Wrist shot by Filip Zadina.
9:25 of 2nd period - Shot Blocked by Alexander Edler.
9:27 of 2nd period - Snap shot by Carl Gunnarsson.
9:27 of 2nd period - Stopped by Jacob Markstrom with a rebound.
9:29 of 2nd period - Snap shot by Jay Beagle.
9:29 of 2nd period - Deflect By Filip Zadina.
9:29 of 2nd period - Goal by Filip Zadina - Maroons : 2 - Ducks : 0.
9:30 of 2nd period - Bo Horvat wins face-off versus Elias Lindholm in neutral zone.
9:39 of 2nd period - Ryan McDonagh is hit by Scott Mayfield and loses puck.
10:05 of 2nd period - Nick Schmaltz is hit by Nick Paul and loses puck.
11:25 of 2nd period - Neal Pionk is hit by Jay Beagle and loses puck.
11:42 of 2nd period - Rasmus Sandin is hit by Elias Lindholm and loses puck.
12:02 of 2nd period - Wrist shot by Nicolas Aube-Kubel.
12:02 of 2nd period - Shot Misses the Net.
12:04 of 2nd period - Slapshot by Vince Dunn.
12:04 of 2nd period - Shot Misses the Net.
12:06 of 2nd period - Wrist shot by Nick Ritchie.
12:06 of 2nd period - Stopped by Jacob Markstrom without a rebound.
12:07 of 2nd period - Phillip Danault wins face-off versus Bo Horvat in Ducks zone.
13:02 of 2nd period - Snap shot by Torey Krug.
13:02 of 2nd period - Deflect By Dylan McIlrath.
13:02 of 2nd period - Stopped by John Gibson with a rebound.
13:04 of 2nd period - Slapshot by Craig Smith.
13:04 of 2nd period - Shot Misses the Net.
13:21 of 2nd period - Minor Penalty to Dylan McIlrath for Slashing.
13:22 of 2nd period - Bo Horvat wins face-off versus Elias Lindholm in Maroons zone.
13:32 of 2nd period - Snap shot by Johnny Gaudreau.
13:32 of 2nd period - Shot Misses the Net.
13:52 of 2nd period - Snap shot by David Perron.
13:52 of 2nd period - Shot Misses the Net.
15:14 of 2nd period - Patrik Laine is hit by Bryan Rust and loses puck.
15:21 of 2nd period - Penalty to Dylan McIlrath is over, Dylan McIlrath is back on ice.
15:33 of 2nd period - Snap shot by Pavel Buchnevich.
15:33 of 2nd period - Stopped by John Gibson with a rebound.
15:35 of 2nd period - Wrist shot by Zack Kassian.
15:35 of 2nd period - Stopped by John Gibson without a rebound.
15:36 of 2nd period - Cal Clutterbuck wins face-off versus Phillip Danault in Maroons zone.
15:51 of 2nd period - Snap shot by Cal Clutterbuck.
15:51 of 2nd period - Stopped by Jacob Markstrom with a rebound.
16:01 of 2nd period - Wrist shot by Cal Clutterbuck.
16:01 of 2nd period - Stopped by Jacob Markstrom with a rebound.
16:03 of 2nd period - Snap shot by Jay Beagle.
16:03 of 2nd period - Stopped by Jacob Markstrom with a rebound.
16:05 of 2nd period - Slapshot by Carl Gunnarsson.
16:05 of 2nd period - Stopped by Jacob Markstrom with a rebound.
16:07 of 2nd period - Slapshot by Carl Gunnarsson.
16:07 of 2nd period - Deflect By Jay Beagle.
16:07 of 2nd period - Shot Blocked by Phillip Danault.
16:07 of 2nd period - Puck is out of play.
16:08 of 2nd period - Jean-Gabriel Pageau wins face-off versus Pierre-Luc Dubois in Ducks zone.
16:10 of 2nd period - Minor Penalty to Tom Wilson for Hooking.
16:11 of 2nd period - Bo Horvat wins face-off versus Jean-Gabriel Pageau in Ducks zone.
16:22 of 2nd period - Icing by Brendan Gallagher.
16:23 of 2nd period - Brendan Gallagher wins face-off versus Jean-Gabriel Pageau in Maroons zone.
16:38 of 2nd period - Wrist shot by Bryan Rust.
16:38 of 2nd period - Shot Misses the Net.
16:40 of 2nd period - Snap shot by Jacob Trouba.
16:40 of 2nd period - Goal by Jacob Trouba - Maroons : 3 - Ducks : 0.
16:41 of 2nd period - Bo Horvat wins face-off versus Elias Lindholm in neutral zone.
16:47 of 2nd period - Icing by Jacob Trouba.
16:48 of 2nd period - Elias Lindholm wins face-off versus Bo Horvat in Maroons zone.
17:20 of 2nd period - Backhand shot by Bo Horvat.
17:20 of 2nd period - Shot Misses the Net.
17:22 of 2nd period - Slapshot by Jacob Trouba.
17:22 of 2nd period - Shot Misses the Net.
18:10 of 2nd period - Snap shot by Bo Horvat.
18:10 of 2nd period - Shot Misses the Net.
18:12 of 2nd period - Slapshot by Jacob Trouba.
18:12 of 2nd period - Shot Misses the Net.
18:24 of 2nd period - Snap shot by Bo Horvat.
18:24 of 2nd period - Shot Blocked by Neal Pionk.
18:26 of 2nd period - Slapshot by Bryan Rust.
18:26 of 2nd period - Shot Blocked by Elias Lindholm.
18:33 of 2nd period - Snap shot by Brendan Gallagher.
18:33 of 2nd period - Shot Misses the Net.
18:35 of 2nd period - Snap shot by Bo Horvat.
18:35 of 2nd period - Shot Blocked by Johnny Gaudreau.
18:57 of 2nd period - Snap shot by Patrik Laine.
18:57 of 2nd period - Stopped by John Gibson with a rebound.
19:40 of 2nd period - Wrist shot by Brendan Gallagher.
19:40 of 2nd period - Deflect By Bo Horvat.
19:40 of 2nd period - Stopped by Jacob Markstrom without a rebound.
19:41 of 2nd period - Pierre-Luc Dubois wins face-off versus Jean-Gabriel Pageau in Ducks zone.
19:48 of 2nd period - Snap shot by Matthew Tkachuk.
19:48 of 2nd period - Shot Blocked by David Perron.
19:50 of 2nd period - Wrist shot by Matthew Tkachuk.
19:50 of 2nd period - Shot Misses the Net.
19:52 of 2nd period - Slapshot by Carl Gunnarsson.
19:52 of 2nd period - Deflect By Matthew Tkachuk.
19:52 of 2nd period - Shot Misses the Net.
19:52 of 2nd period - Puck is out of play.
19:53 of 2nd period - Jean-Gabriel Pageau wins face-off versus Pierre-Luc Dubois in Ducks zone.
19:57 of 2nd period - Icing by David Perron.
19:58 of 2nd period - Jean-Gabriel Pageau wins face-off versus Pierre-Luc Dubois in Ducks zone.
Goals for this period are 3 for Maroons vs 0 for Ducks.
Shots for this period are 13 for Maroons vs 11 for Ducks.

3rd period


0:01 of 3rd period - Jean-Gabriel Pageau wins face-off versus Pierre-Luc Dubois in neutral zone.
0:10 of 3rd period - Wrist shot by Jean-Gabriel Pageau.
0:10 of 3rd period - Stopped by John Gibson with a rebound.
0:12 of 3rd period - Snap shot by David Perron.
0:12 of 3rd period - Shot Misses the Net.
0:14 of 3rd period - Slapshot by David Savard.
0:14 of 3rd period - Shot Misses the Net.
0:16 of 3rd period - Slapshot by Nick Leddy.
0:16 of 3rd period - Deflect By Jean-Gabriel Pageau.
0:16 of 3rd period - Stopped by John Gibson without a rebound.
0:17 of 3rd period - Elias Lindholm wins face-off versus Bo Horvat in Maroons zone.
0:23 of 3rd period - Off-side.
0:24 of 3rd period - Elias Lindholm wins face-off versus Bo Horvat in neutral zone.
0:33 of 3rd period - Snap shot by Johnny Gaudreau.
0:33 of 3rd period - Shot Misses the Net.
0:35 of 3rd period - Slapshot by Nick Leddy.
0:35 of 3rd period - Stopped by John Gibson without a rebound.
0:36 of 3rd period - Pierre-Luc Dubois wins face-off versus Jean-Gabriel Pageau in Maroons zone.
0:36 of 3rd period - Pierre-Luc Dubois is hit by Tom Wilson.
0:45 of 3rd period - Minor Penalty to Matthew Tkachuk for Slashing.
0:46 of 3rd period - Elias Lindholm wins face-off versus Bo Horvat in Maroons zone.
1:54 of 3rd period - Patrik Laine is hit by Nick Ritchie and loses puck.
2:45 of 3rd period - Penalty to Matthew Tkachuk is over, Matthew Tkachuk is back on ice.
2:47 of 3rd period - Slapshot by Carl Gunnarsson.
2:47 of 3rd period - Shot Blocked by Alexander Edler.
3:52 of 3rd period - Scott Mayfield is hit by Cal Clutterbuck and loses puck.
4:44 of 3rd period - Tom Wilson is hit by Nicolas Aube-Kubel and loses puck.
5:52 of 3rd period - Vince Dunn is hit by Tom Wilson.
6:24 of 3rd period - Brendan Gallagher is hit by Alexander Edler and loses puck.
6:31 of 3rd period - Dylan McIlrath is hit by Neal Pionk and loses puck.
6:47 of 3rd period - Carl Gunnarsson is hit by Scott Mayfield and loses puck.
7:04 of 3rd period - Nick Schmaltz is hit by David Perron and loses puck.
7:23 of 3rd period - Jay Beagle is hit by Craig Smith and loses puck.
7:48 of 3rd period - Carl Gunnarsson is hit by Elias Lindholm and loses puck.
8:03 of 3rd period - Bo Horvat is hit by Pavel Buchnevich and loses puck.
8:08 of 3rd period - Slapshot by Torey Krug.
8:08 of 3rd period - Deflect By Bryan Rust.
8:08 of 3rd period - Stopped by John Gibson without a rebound.
8:09 of 3rd period - Jay Beagle wins face-off versus Jean-Gabriel Pageau in Maroons zone.
8:16 of 3rd period - Wrist shot by Filip Zadina.
8:16 of 3rd period - Shot Misses the Net.
8:18 of 3rd period - Slapshot by Cal Clutterbuck.
8:18 of 3rd period - Stopped by Jacob Markstrom with a rebound.
8:32 of 3rd period - Torey Krug is hit by Bo Horvat.
8:36 of 3rd period - Johnny Gaudreau is hit by Bo Horvat and loses puck.
8:55 of 3rd period - Wrist shot by Torey Krug.
8:55 of 3rd period - Stopped by John Gibson without a rebound.
8:56 of 3rd period - Jean-Gabriel Pageau wins face-off versus Brendan Gallagher in Maroons zone.
8:57 of 3rd period - Snap shot by Tom Wilson.
8:57 of 3rd period - Goal by Tom Wilson - Maroons : 3 - Ducks : 1.
8:58 of 3rd period - Bo Horvat wins face-off versus Jean-Gabriel Pageau in neutral zone.
9:01 of 3rd period - Snap shot by Bo Horvat.
9:01 of 3rd period - Stopped by Jacob Markstrom with a rebound.
9:11 of 3rd period - Wrist shot by Brendan Gallagher.
9:11 of 3rd period - Shot Misses the Net.
9:13 of 3rd period - Snap shot by Bryan Rust.
9:13 of 3rd period - Stopped by Jacob Markstrom with a rebound.
9:15 of 3rd period - Snap shot by Bo Horvat.
9:15 of 3rd period - Shot Misses the Net.
9:25 of 3rd period - Alexander Edler is hit by Jay Beagle and loses puck.
9:32 of 3rd period - Backhand shot by Jay Beagle.
9:32 of 3rd period - Stopped by Jacob Markstrom with a rebound.
9:34 of 3rd period - Slapshot by Cal Clutterbuck.
9:34 of 3rd period - Stopped by Jacob Markstrom with a rebound.
9:36 of 3rd period - Snap shot by Dylan McIlrath.
9:36 of 3rd period - Stopped by Jacob Markstrom with a rebound.
9:38 of 3rd period - Wrist shot by Cal Clutterbuck.
9:38 of 3rd period - Shot Misses the Net.
10:02 of 3rd period - Wrist shot by Patrik Laine.
10:02 of 3rd period - Shot Blocked by Dylan McIlrath.
10:08 of 3rd period - Minor Penalty to Matthew Tkachuk for Holding.
10:09 of 3rd period - Elias Lindholm wins face-off versus Bo Horvat in Maroons zone.
11:30 of 3rd period - Bryan Rust is hit by Jean-Gabriel Pageau and loses puck.
12:08 of 3rd period - Penalty to Matthew Tkachuk is over, Matthew Tkachuk is back on ice.
12:36 of 3rd period - Wrist shot by Zack Kassian.
12:36 of 3rd period - Stopped by John Gibson without a rebound.
12:37 of 3rd period - Phillip Danault wins face-off versus Pierre-Luc Dubois in Maroons zone.
12:40 of 3rd period - Wrist shot by Phillip Danault.
12:40 of 3rd period - Stopped by John Gibson with a rebound.
12:42 of 3rd period - Wrist shot by Craig Smith.
12:42 of 3rd period - Stopped by John Gibson with a rebound.
12:44 of 3rd period - Slapshot by David Savard.
12:44 of 3rd period - Stopped by John Gibson without a rebound.
12:45 of 3rd period - Pierre-Luc Dubois wins face-off versus Nick Paul in Maroons zone.
13:16 of 3rd period - Slapshot by Jean-Gabriel Pageau.
13:16 of 3rd period - Stopped by John Gibson with a rebound.
13:58 of 3rd period - Snap shot by Elias Lindholm.
13:58 of 3rd period - Stopped by John Gibson without a rebound.
13:59 of 3rd period - Elias Lindholm wins face-off versus Bo Horvat in Maroons zone.
14:51 of 3rd period - Off-side.
14:52 of 3rd period - Phillip Danault wins face-off versus Jay Beagle in neutral zone.
15:02 of 3rd period - Minor Penalty to Jacob Trouba for Holding.
15:03 of 3rd period - Elias Lindholm wins face-off versus Bo Horvat in Maroons zone.
15:11 of 3rd period - Backhand shot by Johnny Gaudreau.
15:11 of 3rd period - Shot Misses the Net.
15:13 of 3rd period - Snap shot by Elias Lindholm.
15:13 of 3rd period - Shot Misses the Net.
15:15 of 3rd period - Slapshot by Torey Krug.
15:15 of 3rd period - Deflect By Bryan Rust.
15:15 of 3rd period - Stopped by John Gibson with a rebound.
15:17 of 3rd period - Snap shot by Alexander Edler.
15:17 of 3rd period - Deflect By Elias Lindholm.
15:17 of 3rd period - Shot Blocked by Bo Horvat.
15:17 of 3rd period - Puck is out of play.
15:18 of 3rd period - Elias Lindholm wins face-off versus Bo Horvat in Maroons zone.
17:02 of 3rd period - Penalty to Jacob Trouba is over, Jacob Trouba is back on ice.
17:09 of 3rd period - Vince Dunn is hit by Nick Paul and loses puck.
17:14 of 3rd period - Wrist shot by Phillip Danault.
17:14 of 3rd period - Shot Blocked by Nick Ritchie.
17:16 of 3rd period - Snap shot by Phillip Danault.
17:16 of 3rd period - Goal by Phillip Danault - Maroons : 3 - Ducks : 2.
17:17 of 3rd period - Phillip Danault wins face-off versus Jay Beagle in neutral zone.
17:33 of 3rd period - Off-side.
17:34 of 3rd period - Bo Horvat wins face-off versus Johnny Gaudreau in neutral zone.
18:13 of 3rd period - Wrist shot by Cal Clutterbuck.
18:13 of 3rd period - Stopped by Jacob Markstrom without a rebound.
18:14 of 3rd period - Pierre-Luc Dubois wins face-off versus Jean-Gabriel Pageau in Ducks zone.
18:17 of 3rd period - Snap shot by Matthew Tkachuk.
18:17 of 3rd period - Shot Blocked by David Perron.
18:19 of 3rd period - Minor Penalty to David Perron for Slashing.
18:20 of 3rd period - Jean-Gabriel Pageau wins face-off versus Bo Horvat in Ducks zone.
18:20 of 3rd period - Jean-Gabriel Pageau is hit by Brendan Gallagher.
18:54 of 3rd period - Snap shot by Matthew Tkachuk.
18:54 of 3rd period - Deflect By Pierre-Luc Dubois.
18:54 of 3rd period - Stopped by Jacob Markstrom without a rebound.
18:55 of 3rd period - Marc Savard call a timeout for Ducks.
18:55 of 3rd period - Pierre-Luc Dubois wins face-off versus Jean-Gabriel Pageau in Ducks zone.
19:02 of 3rd period - Snap shot by Nick Schmaltz.
19:02 of 3rd period - Goal by Nick Schmaltz - Maroons : 4 - Ducks : 2.
19:03 of 3rd period - Nick Paul wins face-off versus Jay Beagle in neutral zone.
19:12 of 3rd period - Slapshot by Filip Zadina.
19:12 of 3rd period - Deflect By Jay Beagle.
19:12 of 3rd period - Stopped by Jacob Markstrom without a rebound.
19:13 of 3rd period - Jay Beagle wins face-off versus Phillip Danault in Ducks zone.
19:19 of 3rd period - Minor Penalty to Neal Pionk for Roughing.
19:20 of 3rd period - Bo Horvat wins face-off versus Jean-Gabriel Pageau in Ducks zone.
19:54 of 3rd period - Off-side.
19:55 of 3rd period - Phillip Danault wins face-off versus Pierre-Luc Dubois in neutral zone.
Goals for this period are 1 for Maroons vs 2 for Ducks.
Shots for this period are 10 for Maroons vs 14 for Ducks. Output by the SimonT Hockey Simulator (STHS) for Alexandre Lamarre - Original Page W3C HTML5 Valid
Hockey Simulator - Hockey Simulation - Hockey Manager